 Dungeon Crawl Stone Soup version 0.31-a0-1074-g0b22e4e0f1 (webtiles) character file.

Game seed: 102031330965084494

77742 Jeffwins the Grappler (level 15, -4/117 HPs)
             Began as a Troll Earth Elementalist on Dec 1, 2023.
             Was a High Priest of Vehumet.
             Slain by Jorgrun
             ... wielding a staff of earth
              (18 damage)
             ... on level 1 of the Orcish Mines.
             The game lasted 01:05:47 (27980 turns).

Jeffwins the Grappler (Troll Earth Elementalist)   Turns: 27980, Time: 01:05:47

Health: -4/117     AC:  9    Str: 20    XL:     15   Next: 16%
Magic:  0/26       EV: 15    Int: 17    God:    Vehumet [*****.]
Gold:   1540       SH:  0    Dex: 10    Spells: 6/30 levels left

rFire   . .          .
                       - Unarmed
rCold   . . .        (no shield)
rNeg    . . .        G - +0 steam dragon scales
rPois   .            (helmet restricted)
rElec   .            b - +1 cloak
rCorr   +            (gloves unavailable)
SInv    .            (boots unavailable)
Will    +....        D - amulet of the acrobat
Stlth   +++          E - +5 ring of evasion
HPRegen 1.19/turn    R - ring of resist corrosion
MPRegen 0.20/turn

%: acrobat
@: brilliant, hasted, studying Stealth, very quick
A: large, unfitting armour, claws 3, regeneration 1, shaggy fur 1, tough skin 1,
deterioration 1
a: Renounce Religion


You were on level 1 of the Orcish Mines.
You worshipped Vehumet.
Vehumet was extremely pleased with you.
You visited 4 branches of the dungeon, and saw 20 of its levels.
You also visited: Ossuary.

You collected 1540 gold pieces.


Innate Abilities, Weirdness & Mutations

You are too large for most types of armour.
You have claws for hands.
Your natural rate of healing is unusually fast.
You are covered in fur. (AC +1)
You have tough skin. (AC +1)
Your body sometimes deteriorates upon taking damage.


   Skills:
 - Level 2.0 Dodging
 + Level 7.1 Stealth
 - Level 12.0 Unarmed Combat
 * Level 8.3 Spellcasting
 * Level 9.0 Conjurations
 - Level 0.6 Transmutations
 - Level 4.0 Air Magic
 * Level 11.9 Earth Magic
 - Level 4.0 Poison Magic
 + Level 5.2 Evocations


You had 6 spell levels left.
You knew the following spells:

 Your Spells              Type           Power      Damage    Failure   Level
a - Bombard               Conj/Erth      29%        9d5       5%          6
c - Brom's Barrelling Bo  Conj/Erth      59%        2d7       1%          4
l - Lee's Rapid Deconstr  Erth           32%        3d16*     1%          5
m - Mephitic Cloud        Conj/Pois/Air  39%        N/A       1%          3
x - Stone Arrow           Conj/Erth      100%       3d13      1%          3
z - Sandblast             Erth           100%       2d20      1%          1
X - Passwall              Tmut/Erth      35%        N/A       1%          2

Your spell library contained the following spells:

 Spells                   Type           Power      Damage    Failure   Level
 Conjure Ball Lightning   Conj/Air       21%        3x3d6     26%         6
 Dazzling Flash           Conj/Hex       66%        N/A       1%          3
 Cigotuvi's Dreadful Rot  Necr/Pois/Air  48%        N/A       4%          2
 Fulminant Prism          Conj/Hex       16%        3d10      4%          4
 Iskenderun's Mystic Bla  Conj/Tloc      33%        2d8       4%          4
 Arcjolt                  Conj/Air       21%        1d31      5%          5
 Petrify                  Tmut/Erth      42%        N/A       8%          4
 Volatile Blastmotes      Fire/Tloc      20%        2d11      9%          3
 Animate Armour           Summ/Erth      82%        N/A       9%          4
 Apportation              Tloc           20%        N/A       10%         1
 Jinxbite                 Hex            20%        N/A       16%         2
 Ozocubu's Armour         Ice            10%        N/A       30%         3
 Summon Lightning Spire   Summ/Air       20%        N/A       41%         4
 Vhi's Electric Charge    Tloc/Air       40%        N/A       41%         4
 Dispel Undead            Necr           10%        3d9       69%         4
 Alistair's Intoxication  Tmut/Pois      14%        N/A       73%         5
 Silence                  Hex/Air        10%        N/A       77%         5
 Plasma Beam              Fire/Air       10%        2x1d21    82%         6
 Agony                    Necr           10%        N/A       95%         5
 Metabolic Englaciation   Hex/Ice        5%         N/A       95%         5
 Death Channel            Necr           5%         N/A       100%        6
 Simulacrum               Ice/Necr       5%         N/A       100%        6
 Lehudib's Crystal Spear  Conj/Erth      29%        10d8      88%         8
 Haunt                    Necr/Summ      5%         N/A       100%        7

Inventory:

Hand Weapons
 n - a +4 heavy executioner's axe
Missiles
 d - 11 javelins
 r - 19 poisoned darts (quivered)
 y - 2 throwing nets {=f}
Armour
 b - a +1 cloak (worn)
 v - an orb of mayhem
 z - a +1 robe of willpower
 B - a +0 troll leather armour
 G - +0 steam dragon scales (worn)
 N - the +0 hat of Gimeit {*Slow Regen+ Dex+4}
   (You found it on level 3 of the Lair of Beasts)

   Dex+4:     It affects your dexterity (+4).
   Regen+:    It increases your rate of health regeneration.
   *Slow:     It may slow you when you take damage.
 U - the +0 robe of Dynov {rElec Will+ Int-2}
   (You found it on level 5 of the Lair of Beasts)

   Int-2:     It affects your intelligence (-2).
   rElec:     It insulates you from electricity.
   Will+:     It increases your willpower.
Jewellery
 p - a ring of willpower
 D - an amulet of the acrobat (around neck)
 E - a +5 ring of evasion (left claw)
 F - a ring of fire
 O - a +4 ring of protection
 R - a ring of resist corrosion (right claw)
Talismans
 t - the blade talisman "Qoapoh" {Str+3}
   (You found it on level 5 of the Lair of Beasts)

   [blade talisman]

   Str+3:     It affects your strength (+3).
 M - a beast talisman
Wands
 a - a wand of polymorph (2)
 c - a wand of digging (2)
 C - a wand of flame (41)
 H - a wand of mindburst (2)
 Q - a wand of light (4)
 S - a wand of charming (3)
Scrolls
 f - a scroll of torment {!r}
 i - a scroll of immolation {!r}
 j - 4 scrolls of enchant weapon
 l - 8 scrolls of fog
 m - 8 scrolls of teleportation {@r4}
 q - 4 scrolls of enchant armour
 u - 3 scrolls of amnesia
 w - a scroll of poison {unknown}
 x - 2 scrolls of revelation
 I - a scroll of silence {!r}
 L - a scroll of brand weapon
Potions
 e - 6 potions of curing {@q1}
 g - 3 potions of ambrosia
 h - 3 potions of invisibility
 k - 4 potions of brilliance
 o - 4 potions of haste {@q3}
 s - 3 potions of resistance
 A - 2 potions of mutation {!q}
 J - a potion of cancellation
 K - a potion of enlightenment
 P - a potion of lignification {unknown}
 T - a potion of attraction {!q}

Dungeon Overview and Level Annotations

Branches:
Dungeon (13/15)            Temple (1/1) D:6            Lair (5/5) D:9
 Shoals (0/4) Lair:3       Spider (0/4) Lair:2        Slime (0/5) Lair:5
    Orc (1/2) D:10        Ossuary (visited)
 Vaults: D:13-14

Altars:
Ashenzari
Cheibriados
Dithmenos
Elyvilon
Fedhas
Gozag
Hepliaklqana
Kikubaaqudgha
Makhleb
Nemelex Xobeh
Okawaru
Qazlal
Ru
Sif Muna
Trog
Uskayaw
Vehumet
Wu Jian
Xom
Yredelemnul
Zin
The Shining One
Jiyva
Lugonu

Portals:
Abyss: Lair:5

Annotations:
Orc:1 Jorgrun

### ##..#######
#....#..#.##
#.........#
##......#..##
#.....°.#...# #...#
# ## ##.g.#
#.##.###...@###
###.#...........#
.................#
.......#.........#
..................#
.................##
............#.....#
..................#
..............#...#


You could see Jorgrun.


Message History

The iron shot hits Jorgrun!!
Jorgrun is severely wounded.
The blast sends you backwards.
Jorgrun seems less confused.
Unknown command.
Casting: Bombard (dangerous; 5% risk of failure)
Confirm with . or Enter, or press ? or * to list all spells.
You don't have enough magic to cast this spell.
Unknown command.
Okay, then.
You feel yourself speed up. Jorgrun hits you but does no damage.
Jorgrun shatters you!!
* * * LOW HITPOINT WARNING * * *
Unknown command.
Unknown command.
Okay, then.
You closely miss Jorgrun.
Jorgrun is severely wounded.
Jorgrun hits you with a staff of earth!
* * * LOW HITPOINT WARNING * * *
Jorgrun shatters you!
* * * LOW HITPOINT WARNING * * *
Unknown command.
Okay, then.
It was a potion of brilliance.
You feel clever all of a sudden.
Unknown command.
It was a potion of mutation.
You feel extremely strange.
You feel yourself wasting away.
Jorgrun hits you with a staff of earth!!
You die...

Skill      XL: |  1  2  3  4  5  6  7  8  9 10 11 12 13 14 15 |
---------------+----------------------------------------------+-----
Unarmed Combat | 1 2 3 4 5 6 8 9 10 11 12 | 12.0
Earth Magic    | 3 4 5 6 7 9 10 11 | 11.9
Spellcasting   | 2 3 4 5 6 7 8 |  8.3
Conjurations   | 1 2 3 4 5 6 7 8 9 |  9.0
Stealth        | 2 3 4 5 6 7 |  7.1
Dodging        | 2 |  2.0
Evocations     | 2 3 4 5 |  5.2
Poison Magic   | 2 3 4 |  4.0
Air Magic      | 2 3 4 |  4.0
Transmutations | |  0.6

Action                     |  1- 3 |  4- 6 |  7- 9 | 10-12 | 13-15 || total
---------------------------+-------+-------+-------+-------+-------++-------
  Melee: Unarmed           |   138 |   199 |   282 |   517 |   664 ||  1800
         Punch             |     2 |     1 |     4 |    36 |    49 ||    92
  Throw: Dart              |       |       |       |    36 |    34 ||    70
         Throwing net      |       |       |       |     1 |       ||     1
   Cast: Stone Arrow       |       |     2 |    54 |   254 |   438 ||   748
         Sandblast         |       |     7 |     6 |     3 |     1 ||    17
         Lee's Rapid Decon |       |       |       |    18 |     5 ||    23
         Mephitic Cloud    |       |       |       |     4 |     8 ||    12
         Brom's Barrelling |       |       |       |     1 |    14 ||    15
         Bombard           |       |       |       |       |    39 ||    39
  Evoke: Wand              |       |       |       |    10 |    25 ||    35
    Use: Potion            |       |     3 |     4 |     3 |    10 ||    20
         Scroll            |       |       |     7 |     9 |    14 ||    30
   Stab: Sleeping          |     1 |     3 |       |     6 |     1 ||    11
         Distracted        |       |     2 |       |     2 |       ||     4
         Invisible         |       |       |       |     3 |     2 ||     5
         Confused          |       |       |       |     1 |       ||     1
 Armour: Robe              |   103 |   115 |   199 |   377 |   373 ||  1167
         Steam dragon scal |       |       |       |       |   280 ||   280
  Dodge: Dodged            |    90 |   143 |   236 |   486 |   737 ||  1692

Levels and vault maps discovered:
D:1:      lordsloth_arrival_two_stooges, layout_rooms
D:2:      layout_basic, chequers_ecumenical_altar_grove
D:3:      layout_basic
D:4:      layout_rooms, minmay_manual_macuahuitl, uniq_blork_the_orc
D:5:      cheibrodos_iron_armory, layout_cave_pools, nicolae_uskayaw_en_pointe,
          yredelemnul_altar_generic, grunt_temple_overflow_open,
          kennysheep_another_room, uniq_duvessa, uniq_pikel
D:6:      layout_rooms, bloody_makhleb, minmay_temple_entry_mini_moons,
          nicolae_ossuary_entry_false_entrances, corexii_leaking_fountain
D:7:      minmay_the_grid_octo_tiled_squarecenter
          [minmay_the_grid_octo_thin_diamonds, minmay_the_grid_octo_fan_narrow,
          minmay_the_grid_octo_fat_diamond, minmay_the_grid_octo_toaster,
          minmay_the_grid_square_5x5_megaprize_hollow,
          minmay_the_grid_square_5x5_inner_z, minmay_the_grid_square_5x5_three,
          minmay_the_grid_square_5x5_checkered,
          minmay_the_grid_square_5x5_broken_cross], layout_loops_cross,
          nicolae_hepliaklqana_hippocampus, kennysheep_crisscross,
          minmay_curled_crystal, uniq_jeremiah
D:8:      layout_basic, hellmonk_ghost_big_iron, serial_rivers,
          chequers_serial_rivers_micro_c, chequers_serial_rivers_micro_b,
          chequers_serial_rivers_micro_d, chequers_serial_rivers_room_a,
          kennysheep_cluttered_room, uniq_joseph
D:9:      layout_roguey, xom_confusion_cloud, lemuel_round_altar,
          corexii_corridor_pit, minivault_25_ag, grunt_ministairs_9,
          uniq_psyche, uniq_amaemon
D:10:     layout_basic, minmay_orc_entry_temple_small,
          bh_hangedman_babel_library, uniq_maggie
D:11:     layout_loops_corners, uniq_lodul, uniq_grum
D:12:     layout_irregular_city, drop_trap, beargit_elvish_explorers
D:13:     minmay_recursive_quarters, layout_layer_cave
Temple:   minmay_freezing_vapour_temple
Lair:1:   layout_layer_cave, portal_ice_cave_entry_ice_simulacra,
          nicolae_lair_grazing_beasts [nicolae_sub_lair_graze_edge,
          nicolae_sub_lair_graze_edge, nicolae_sub_lair_graze_edge,
          nicolae_sub_lair_graze_edge]
Lair:2:   layout_regular_city, spider_nest_entry_webs, minivault_24,
          cheibrodos_lair_reptile_den, grunt_megastairs_3, serial_bayou_shore_b
Lair:3:   gammafunk_indiana_jones, layout_chaotic_city,
          nicolae_shoals_entry_roost, uniq_josephine, uniq_rupert
Lair:4:   layout_gridlike, basic_altar, st_stairs_11, serial_bayou_shore_b,
          grunt_megastairs_5, serial_bayou_shore_b
Lair:5:   hellmonk_lair_end_abyssal_woods, layout_layer_cave, slime_entry_1,
          lemuel_fruit_tree
Orc:1:    layout_caves, einodemon_barbed_minivault, uniq_jorgrun

Notes
Turn   | Place    | Note
-------+----------+-------------------------------------------
     0 | D:1      | Jeffwins the Troll Earth Elementalist began the quest for
                  | the Orb.
     0 | D:1      | Reached XP level 1. HP: 16/16 MP: 1/1
    36 | D:1      | Reached XP level 2. HP: 24/24 MP: 3/3
    48 | D:1      | Reached skill level 1 in Unarmed Combat
    53 | D:1      | Reached skill level 3 in Earth Magic
   161 | D:1      | Reached XP level 3. HP: 31/31 MP: 4/4
   763 | D:2      | Learned a level 3 spell: Stone Arrow
   796 | D:2      | Found a faded altar of an unknown god.
  1045 | D:2      | Reached skill level 2 in Unarmed Combat
  1072 | D:2      | Reached XP level 4. HP: 39/39 MP: 5/5
  1446 | D:3      | Reached skill level 2 in Spellcasting
  1857 | D:4      | Noticed Blork the orc
  1866 | D:4      | HP: 3/39 [Blork the orc/+0 dire flail (10)]
  1867 | D:4      | Killed Blork the orc
  1868 | D:4      | Reached skill level 1 in Conjurations
  1868 | D:4      | Reached XP level 5. HP: 5/45 MP: 0/7
  2305 | D:4      | Reached XP level 6. HP: 53/53 MP: 8/8
  2333 | D:4      | Reached skill level 4 in Earth Magic
  2343 | D:4      | Reached skill level 3 in Unarmed Combat
  2437 | D:5      | Entered Level 5 of the Dungeon
  2437 | D:5      | Noticed a sky beast
  2514 | D:4      | Killed a sky beast
  2608 | D:5      | Reached skill level 2 in Conjurations
  2609 | D:5      | HP: 5/53 [orc priest/nerve-wracking pain (12)]
  2611 | D:5      | Reached XP level 7. HP: 7/59 MP: 3/9
  2698 | D:5      | Noticed a +0 spear
  2698 | D:5      | Noticed a +0 dagger
  2699 | D:5      | Noticed a +0 short sword
  2700 | D:5      | Noticed a +0 dagger
  2700 | D:5      | Noticed a +0 spear
  2701 | D:5      | Noticed a +0 short sword
  2702 | D:5      | Noticed a +0 falchion
  2702 | D:5      | Noticed a +0 falchion
  2753 | D:5      | Noticed Pikel
  2760 | D:5      | Killed Pikel
  2761 | D:5      | Reached skill level 2 in Stealth
  2761 | D:5      | Reached skill level 4 in Unarmed Combat
  2761 | D:5      | Reached skill level 3 in Spellcasting
  2761 | D:5      | Reached skill level 5 in Earth Magic
  2761 | D:5      | Reached XP level 8. HP: 65/67 MP: 1/11
  2844 | D:5      | Found a basalt altar of Yredelemnul.
  2865 | D:5      | Reached skill level 3 in Conjurations
  2898 | D:5      | Found a broken altar of Ashenzari.
  2899 | D:5      | Found an ornate altar of the Wu Jian Council.
  2899 | D:5      | Found a white marble altar of Elyvilon.
  2901 | D:5      | Found a snail-covered altar of Cheibriados.
  2901 | D:5      | Found a shimmering blue altar of Sif Muna.
  2975 | D:5      | Noticed Dowan
  2977 | D:5      | Noticed Duvessa
  3010 | D:5      | Killed Duvessa
  3019 | D:5      | Killed Dowan
  3095 | D:5      | Noticed a rust devil
  3095 | D:5      | Noticed a rust devil
  3305 | D:5      | Found a hide-covered altar of Uskayaw.
  3380 | D:5      | Reached skill level 5 in Unarmed Combat
  3528 | D:5      | Reached skill level 3 in Stealth
  3683 | D:6      | Reached XP level 9. HP: 60/74 MP: 13/13
  3688 | D:6      | Learned a level 4 spell: Brom's Barrelling Boulder
  3691 | D:6      | Found a staircase to the Ecumenical Temple.
  3726 | D:6      | HP: 6/73 [wight/arrow (8)]
  3873 | D:6      | Reached skill level 6 in Earth Magic
  3891 | D:6      | Found a burning altar of Makhleb.
  3912 | D:6      | Found a sand-covered staircase.
  3916 | Ossuary  | Entered an ossuary
  4030 | Ossuary  | Reached skill level 4 in Conjurations
  4251 | D:6      | Reached skill level 4 in Spellcasting
  4408 | D:6      | Reached skill level 6 in Unarmed Combat
  4781 | D:6      | Killed a rust devil
  4845 | D:6      | Killed a rust devil
  5167 | D:7      | Reached skill level 4 in Stealth
  5481 | D:7      | Reached XP level 10. HP: 71/81 MP: 15/15
  5858 | D:7      | Reached skill level 7 in Earth Magic
  5861 | D:7      | Learned a level 2 spell: Passwall
  5980 | D:7      | Noticed Jeremiah
  6181 | D:7      | Found a hazy altar of Hepliaklqana.
  6245 | D:7      | Killed Jeremiah
  6246 | D:7      | Reached skill level 7 in Unarmed Combat
  6246 | D:7      | Reached skill level 5 in Conjurations
  6502 | D:7      | Reached skill level 2 in Dodging
  7330 | D:8      | Found a runed translucent door.
  7330 | D:8      | Noticed gdog's ghost (novice GnDe)
  7399 | Temple   | Entered the Ecumenical Temple
  7404 | Temple   | Became a worshipper of Vehumet
  7698 | D:8      | Noticed Joseph
  7714 | D:8      | Killed Joseph
  7715 | D:8      | Reached skill level 5 in Spellcasting
  8283 | D:8      | Killed gdog's ghost
  8407 | D:8      | Learned a level 5 spell: Lee's Rapid Deconstruction
  8571 | D:9      | Found a sacrificial altar of Ru.
  8594 | D:9      | Reached * piety under Vehumet
  8594 | D:9      | Offered knowledge of Kiss of Death by Vehumet.
  8606 | D:9      | Reached skill level 8 in Unarmed Combat
  8635 | D:9      | Reached XP level 11. HP: 51/86 MP: 6/18
  8716 | D:9      | Noticed Psyche
  8759 | D:9      | Killed Psyche
  8760 | D:9      | Reached skill level 5 in Stealth
  8760 | D:9      | Reached skill level 8 in Earth Magic
  8907 | D:9      | Found a shimmering altar of Xom.
  8907 | D:9      | Noticed a two-headed ogre
  8938 | D:9      | Killed a two-headed ogre
  8939 | D:9      | Reached skill level 6 in Conjurations
  9318 | D:9      | Reached ** piety under Vehumet
  9318 | D:9      | Offered knowledge of Scorch by Vehumet.
  9396 | D:9      | Found a staircase to the Lair.
  9514 | D:9      | Noticed Amaemon
  9552 | D:9      | Killed Amaemon
  9553 | D:9      | Reached skill level 1 in Evocations
  9760 | D:10     | Entered Level 10 of the Dungeon
  9777 | D:10     | Noticed Maggie
  9783 | D:10     | Killed Maggie
  9960 | D:10     | Noticed a deep elf pyromancer
  9969 | D:10     | Noticed a deep elf pyromancer
  9980 | D:10     | Got the Almanac of Dhcmrlchtdj
 10100 | D:10     | Noticed a deep elf pyromancer
 10105 | D:10     | Killed a deep elf pyromancer
 10350 | D:10     | Reached skill level 9 in Unarmed Combat
 10476 | D:10     | Noticed a two-headed ogre
 10482 | D:10     | Killed a two-headed ogre
 10483 | D:10     | Reached skill level 6 in Spellcasting
 10709 | D:10     | Got the Omnibus of Sand
 10714 | D:10     | Learned a level 3 spell: Mephitic Cloud
 10844 | D:10     | Reached skill level 2 in Evocations
 11044 | D:10     | Offered knowledge of Poisonous Vapours by Vehumet.
 11270 | D:10     | Found a staircase to the Orcish Mines.
 11438 | D:10     | Noticed an arcanist
 11441 | D:10     | Killed an arcanist
 11442 | D:10     | Reached skill level 9 in Earth Magic
 11611 | D:11     | Noticed a boulder beetle
 11622 | D:11     | Killed a boulder beetle
 11866 | D:11     | Noticed a boulder beetle
 11880 | D:11     | Killed a boulder beetle
 11881 | D:11     | Reached XP level 12. HP: 93/96 MP: 20/20
 11922 | D:11     | Reached *** piety under Vehumet
 12053 | D:11     | Reached skill level 7 in Conjurations
 12053 | D:11     | Reached skill level 1 in Poison Magic
 12066 | D:11     | Reached skill level 1 in Air Magic
 12213 | D:11     | Noticed Grum
 12218 | D:11     | Killed Grum
 12219 | D:11     | Offered knowledge of Dazzling Flash by Vehumet.
 12854 | D:11     | Noticed Lodul
 12876 | D:11     | Killed Lodul
 13836 | D:12     | Reached skill level 10 in Unarmed Combat
 13959 | D:12     | Reached skill level 3 in Evocations
 14125 | D:12     | Reached **** piety under Vehumet
 14946 | D:12     | Reached skill level 2 in Poison Magic
 15107 | D:12     | Reached skill level 2 in Air Magic
 15467 | D:12     | Noticed a boulder beetle
 15481 | D:12     | Killed a boulder beetle
 15644 | Lair:1   | Entered Level 1 of the Lair of Beasts
 15936 | Lair:1   | Noticed a death yak
 15936 | Lair:1   | Noticed a death yak
 15939 | Lair:1   | Noticed a death yak
 15954 | Lair:1   | Offered knowledge of Sticky Flame by Vehumet.
 15965 | Lair:1   | Reached XP level 13. HP: 26/102 MP: 2/22
 16166 | Lair:1   | Reached skill level 10 in Earth Magic
 16718 | Lair:1   | Reached skill level 7 in Spellcasting
 16718 | Lair:1   | Reached skill level 8 in Conjurations
 16728 | Lair:1   | Reached ***** piety under Vehumet
 16728 | Lair:1   | Offered knowledge of Bombard by Vehumet.
 17686 | Lair:2   | Learned a level 6 spell: Bombard
 17990 | Lair:2   | Reached skill level 3 in Poison Magic
 18407 | Lair:2   | Found a hole to the Spider Nest.
 18573 | Lair:2   | Reached skill level 11 in Unarmed Combat
 19053 | Lair:2   | Identified the +2 ring mail of the Great Game {Rampage rC-
                  | Dex+4}
 19274 | Lair:3   | Reached skill level 3 in Air Magic
 19541 | Lair:2   | Reached skill level 4 in Evocations
 19554 | Lair:3   | Found a staircase to the Shoals.
 20051 | Lair:3   | Reached skill level 6 in Stealth
 20166 | Lair:3   | Noticed Josephine
 20181 | Lair:3   | Killed Josephine
 20182 | Lair:3   | Reached XP level 14. HP: 66/109 MP: 6/24
 20616 | Lair:3   | Noticed Rupert
 20717 | Lair:3   | Paralysed by Rupert for 2 turns
 20719 | Lair:3   | Killed Rupert
 21000 | Lair:3   | Found a runed translucent door.
 21323 | Lair:3   | Identified the +0 hat of Gimeit {*Slow Regen+ Dex+4}
 21330 | Lair:3   | Found a runed translucent gate.
 21330 | Lair:3   | Found a runed translucent gate.
 21330 | Lair:3   | Found a runed translucent gate.
 21330 | Lair:3   | Found a runed translucent gate.
 21330 | Lair:3   | Found a runed translucent gate.
 21330 | Lair:3   | Found a runed translucent gate.
 21469 | Lair:3   | Offered knowledge of Irradiate by Vehumet.
 21831 | Lair:4   | Reached skill level 11 in Earth Magic
 22062 | Lair:4   | Identified 3 potions of resistance
 22734 | Lair:4   | Found a broken altar of Ashenzari.
 23287 | Lair:5   | Entered Level 5 of the Lair of Beasts
 24012 | Lair:5   | Reached skill level 4 in Poison Magic
 24138 | Lair:5   | Found a staircase to the Slime Pits.
 24142 | Lair:5   | Reached skill level 9 in Conjurations
 24651 | Lair:5   | Found a viscous altar of Jiyva.
 24927 | Lair:5   | Reached skill level 12 in Unarmed Combat
 25289 | Lair:5   | Reached skill level 8 in Spellcasting
 25556 | Lair:5   | Identified the blade talisman "Qoapoh" {Str+3}
 26073 | Lair:5   | Reached skill level 4 in Air Magic
 26130 | Lair:5   | Reached skill level 5 in Evocations
 26662 | Lair:5   | Identified the +6 scale mail of the Original Sin {+Inv
                  | rElec rC- Dex-5}
 26682 | Lair:5   | Reached XP level 15. HP: 117/117 MP: 21/26
 26720 | Lair:5   | Offered knowledge of Conjure Ball Lightning by Vehumet.
 26819 | Lair:5   | Reached skill level 7 in Stealth
 26824 | Lair:5   | Identified the +0 robe of Dynov {rElec Will+ Int-2}
 27554 | Lair:5   | Found a corrupted altar of Lugonu.
 27554 | Lair:5   | Found a one-way gate to the infinite horrors of the Abyss.
 27788 | Orc:1    | Entered Level 1 of the Orcish Mines
 27966 | Orc:1    | Noticed Jorgrun
 27980 | Orc:1    | Gained mutation: Your body sometimes deteriorates upon
                  | taking damage. [potion of mutation]
 27980 | Orc:1    | Slain by Jorgrun

Vanquished Creatures
  Rupert (Lair:3)
  Josephine (Lair:3)
  A hydra (Lair:4)
  5 boulder beetles
  2 two-headed ogres
  13 death yaks
  4 thrashing horrors (Lair:5)
  A deep elf knight (D:12)
  A skyshark (Lair:3)
  Lodul (D:11)
  Amaemon (D:9)
  A deep elf archer (D:12)
  2 lindwurms (Lair:3)
  An arcanist (D:10)
  A harpy (Lair:2)
  Pikel (D:5)
  A large abomination (Lair:5)
  3 deep elf pyromancers
  A wolf spider (Lair:3)
  A manticore (D:12)
  2 cyclopes (D:12)
  6 elephants
  A moth of wrath (shapeshifter) (Lair:5)
  Joseph (D:8)
  6 black mambas
  2 rust devils (D:6)
  A smoke demon (Lair:5)
  Maggie (D:10)
  An orange demon (D:9)
  7 rime drakes
  Jeremiah (D:7)
  8 cane toads
  Psyche (D:9)
  A rime drake (shapeshifter) (Lair:5)
  6 komodo dragons
  A troll (shapeshifter) (Lair:5)
  3 trolls
  3 polar bears
  7 dream sheep
  46 blink frogs
  3 raiju (Lair:5)
  A jumping spider (Lair:3)
  A shadow (D:9)
  11 small abominations (Lair:5)
  10 wraiths
  Grum (D:11)
  A golden eye (shapeshifter) (Lair:5)
  58 yaks
  4 wyverns
  3 redbacks
  3 chaos spawn (Lair:5)
  A death yak simulacrum (Lair:1)
  13 basilisks
  2 steam dragons
  2 acid dragons
  12 vampire mosquitoes
  2 wargs
  Duvessa (D:5)
  18 water moccasins
  13 orc warriors
  3 black bears
  2 sky beasts
  10 ogres
  3 ice beasts
  22 wolves
  10 centaurs
  2 phantoms
  2 lemures (D:4)
  4 kobold brigands
  14 bullfrogs
  A gnoll sergeant (D:7)
  A scorpion (D:7)
  Blork the orc (D:4)
  22 wights
  Dowan (D:5)
  2 killer bees (D:7)
  4 howler monkeys (D:9)
  2 electric eels
  3 lava snakes (Lair:3)
  2 jellies (D:5)
  9 orc priests
  4 hounds
  A gnoll bouda (D:9)
  6 iguanas
  A sleepcap (D:7)
  13 orc wizards
  7 hell rats (Lair:2)
  A mummy (Ossuary)
  7 gnolls
  14 adders
  3 shadow imps
  A white imp (D:7)
  2 worms
  5 dart slugs
  50 orcs
  8 ball pythons
  10 endoplasms
  A giant cockroach (D:1)
  8 goblins
  9 hobgoblins
  14 jackals
  3 quokkas
  4 bats
  7 frilled lizards
  4 gnoll skeletons (Ossuary)
  18 kobolds
  9 kobold skeletons (Ossuary)
  12 orc skeletons (Ossuary)
  2 rats (D:2)
652 creatures vanquished.

Vanquished Creatures (collateral kills)
  The ghost of gdog the Covert, a novice GnDe (D:8)
  A ynoxinul (D:8)
  8 boulders
10 creatures vanquished.

Vanquished Creatures (others)
  A yak (D:9)
  An orc warrior (D:9)
  2 boulders (Lair:3)
4 creatures vanquished.

Grand Total: 666 creatures vanquished

Table legend: (Time is in decaauts)
 A = Elapsed time spent in this place.
 B = Non-inter-level travel time spent in this place.
 C = Inter-level travel time spent in this place.
 D = Time resting spent in this place.
 E = Time spent auto-exploring this place.
 F = Levels seen in this place.
 G = Mean time per level.
                   A        B        C        D        E       F      G
               +--------+--------+--------+--------+--------+-----+--------+
         Total |  27675 |  26632 |   1043 |   3826 |  16998 |  21 | 1317.9 |
       Dungeon |  15239 |  14555 |    684 |   1736 |   9796 |  13 | 1172.2 |
        Temple |     10 |      6 |      4 |      0 |      0 |   1 |   10.0 |
          Lair |  11940 |  11586 |    354 |   2089 |   6865 |   5 | 2388.0 |
  Orcish Mines |    186 |    186 |      0 |      0 |    142 |   1 |  186.0 |
       Ossuary |    298 |    298 |      0 |      0 |    195 |   1 |  298.0 |
               +--------+--------+--------+--------+--------+-----+--------+

Top non-repeatable levels by time:
  Lair:5: 3503 daAuts
  Lair:4: 2318 daAuts
     D:7: 2230 daAuts
    D:12: 2104 daAuts
  Lair:2: 2075 daAuts
  Lair:3: 2044 daAuts
  Lair:1: 1998 daAuts
    D:10: 1893 daAuts
    D:11: 1876 daAuts
     D:8: 1246 daAuts
     D:9: 1191 daAuts
     D:6: 1088 daAuts
     D:5: 996 daAuts
     D:4: 773 daAuts
     D:2: 770 daAuts

Table legend:
 A = Non-vault XP
 B = Vault XP
 C = Vault XP percentage of total XP
 D = Non-vault monster count
 E = Vault monster count
 F = Vault count percentage of total count
                 A         B        C        D         E       F
            +---------+---------+-------+---------+---------+-------
      Total |   66580 |   44480 |  40.1 |     455 |     197 |  30.2
            +---------+---------+-------+---------+---------+-------
        D:1 |      58 |       0 |   0.0 |      34 |       0 |   0.0
        D:2 |      60 |       0 |   0.0 |      26 |       0 |   0.0
        D:3 |      38 |       0 |   0.0 |      12 |       0 |   0.0
        D:4 |     415 |     102 |  19.7 |      20 |       6 |  23.1
        D:5 |     969 |     942 |  49.3 |      22 |       4 |  15.4
        D:6 |    1001 |    1008 |  50.2 |      22 |       3 |  12.0
        D:7 |     985 |    1950 |  66.4 |      24 |      22 |  47.8
        D:8 |     615 |    1473 |  70.5 |      21 |       3 |  12.5
        D:9 |    1107 |    3660 |  76.8 |      20 |      18 |  47.4
       D:10 |    4298 |    1936 |  31.1 |      21 |      10 |  32.3
       D:11 |    4699 |    2880 |  38.0 |      29 |      14 |  32.6
       D:12 |    4453 |    2863 |  39.1 |      15 |       6 |  28.6
     Lair:1 |    8719 |    3402 |  28.1 |      39 |       5 |  11.4
     Lair:2 |    7463 |    3526 |  32.1 |      42 |      19 |  31.1
     Lair:3 |    8422 |    6580 |  43.9 |      25 |      13 |  34.2
     Lair:4 |   10973 |    2071 |  15.9 |      35 |       6 |  14.6
     Lair:5 |   11778 |   11839 |  50.1 |      39 |      41 |  51.2
      Orc:1 |     527 |       0 |   0.0 |       9 |       0 |   0.0
    Ossuary |       0 |     248 | 100.0 |       0 |      27 | 100.0
            +---------+---------+-------+---------+---------+-------
